 Dungeon Crawl Stone Soup version 0.25-a0-589-g1e14c549ee (console) character file.

Game seed: 11698518164986016434, levelgen mode: deterministic

180045 Flugkiller the Dancer (level 17, -19/135 HPs)
             Began as a Demonspawn Ice Elementalist on Mar 9, 2020.
             Was a Follower of Uskayaw.
             Killed from afar by Nikola (28 damage)
             ... with a chain lightning
             ... on level 1 of the Swamp on Mar 10, 2020.
             The game lasted 03:04:44 (37854 turns).

Flugkiller the Dancer (DsIE)                       Turns: 37854, Time: 03:04:45

Health: -19/135    AC:  9    Str: 15      XL:     17   Next: 30%
Magic:  0/30       EV: 16    Int: 25      God:    Uskayaw [*.....]
Gold:   6402       SH: 11    Dex: 13 (16) Spells: 0/34 levels left

rFire    . . .     SeeInvis +   A - +2 double sword {flame, freeze}
rCold    . . .     Gourm    .   o - +0 buckler
rNeg     . . .     Faith    .   L - +1 robe {Archmagi}
rPois    .         Spirit   +   F - +2 hat {MR+}
rElec    .         Reflect  +   e - +2 cloak
rCorr    .         Harm     .   U - +0 pair of gloves
MR       ++...                  (boots unavailable)
Stlth    +.........             D - +6 amulet of reflection
HPRegen  0.32/turn              u - +3 ring of intelligence
MPRegen  0.22/turn              Z - ring "Tonkum" {Str+4 Dex+3 SInv}

@: very slightly contaminated, studying Summonings, very slow
A: claws 2, hooves 3, horns 1, powered by pain 2, magic shield
}: 1/15 runes: gossamer
a: Stomp, Renounce Religion


You were on level 1 of the Swamp.
You worshipped Uskayaw.
Uskayaw was pleased with you.
You were not hungry.

You visited 5 branches of the dungeon, and saw 28 of its levels.
You also visited: Gauntlet and Ice Cave.

You collected 8079 gold pieces.
You spent 1677 gold pieces at shops.

Inventory:

Hand Weapons
 A - the +2 Maxwell's thermic engine (weapon) {flame, freeze}
   (You found it on level 5 of the Dungeon)

   It has been specially enchanted to burn those struck by it, causing extra
   injury to most foes and up to half again as much damage against particularly
   susceptible opponents.
   Big, fiery blades are also staple armaments of hydra-hunters.
   It has been specially enchanted to freeze those struck by it, causing extra
   injury to most foes and up to half again as much damage against particularly
   susceptible opponents.
 E - a +2 dagger of venom
   (You took it off Dowan on level 6 of the Dungeon)
Missiles
 C - a throwing net (quivered)
Armour
 e - a +2 cloak (worn)
   (You found it on level 1 of the Dungeon)
 j - a +2 hat of intelligence
   (You took it off Gastronok on level 3 of the Lair of Beasts)
 o - a +0 buckler (worn)
   (You found it on level 2 of the Dungeon)
 F - a +2 hat of magic resistance (worn)
   (You found it on level 6 of the Dungeon)
 L - a +1 robe of the Archmagi (worn)
   (You took it off an orc wizard on level 7 of the Dungeon)
 T - a +2 tower shield
   (You found it on level 6 of the Lair of Beasts)
 U - a +0 pair of gloves (worn)
   (You found it on level 15 of the Dungeon)
Magical Staves
 H - an uncursed staff of cold
   (You found it on level 1 of the Lair of Beasts)
Jewellery
 l - an uncursed ring of fire
   (You found it on level 1 of the Dungeon)
 u - a +3 ring of intelligence (left hand)
   (You found it on level 6 of the Dungeon)
 D - a +6 amulet of reflection (around neck)
   (You found it in an ice cave)
 G - an uncursed ring of protection from cold
   (You found it on level 8 of the Dungeon)
 I - an uncursed ring of ice
   (You found it on level 6 of the Dungeon)
 K - an uncursed ring of wizardry
   (You found it on level 7 of the Dungeon)
 X - an uncursed ring of protection from magic
   (You bought it in a shop on level 8 of the Dungeon)
 Z - the ring "Tonkum" (right hand) {Str+4 Dex+3 SInv}
   (You bought it in a shop on level 8 of the Dungeon)

   [ring of see invisible]

   It affects your strength (+4).
   It affects your dexterity (+3).
   It lets you see invisible.
Wands
 d - a wand of paralysis (12)
   (You found it on level 3 of the Lair of Beasts)
 h - a wand of iceblast (7)
   (You took it off a centaur on level 12 of the Dungeon)
 t - a wand of clouds (11)
   (You found it on level 3 of the Lair of Beasts)
 M - a wand of acid (2)
   (You found it on level 8 of the Dungeon)
 O - a wand of polymorph (14)
   (You found it on level 6 of the Lair of Beasts)
 P - a wand of disintegration (12)
   (You found it on level 13 of the Dungeon)
 R - a wand of scattershot (2)
   (You found it on level 5 of the Lair of Beasts)
Scrolls
 g - a scroll of fog
 p - 7 scrolls of enchant weapon
 q - 7 scrolls of remove curse
 r - a scroll of fear
 s - 2 scrolls of enchant armour
 x - 8 scrolls of amnesia
 y - 4 scrolls of teleportation
 B - a scroll of immolation
 W - a scroll of brand weapon
 Y - a scroll of identify
Potions
 a - 2 potions of mutation
 b - 3 potions of might
 f - 4 potions of stabbing
 i - 3 potions of brilliance
 k - 2 potions of resistance
 m - 4 potions of cancellation
 n - 2 potions of haste
 v - a potion of heal wounds
 w - 6 potions of flight
 z - 3 potions of curing
 J - 8 potions of ambrosia
 Q - 2 potions of magic
Books
 S - a manual of Summonings
   (You found it on level 12 of the Dungeon)
Miscellaneous
 V - a sack of spiders
Comestibles
 c - 38 rations
 N - 12 chunks of flesh


   Skills:
 - Level 12.7 Fighting
 - Level 10.7 Long Blades
 - Level 8.0 Dodging
 - Level 1.7 Stealth
 - Level 4.1 Shields
 - Level 9.0 Spellcasting
 - Level 2.7 Conjurations
 - Level 4.0 Summonings
 - Level 11.2 Transmutations
 - Level 9.0 Ice Magic
 - Level 11.2 Earth Magic
 + Level 15.2 Invocations
 - Level 5.0 Evocations


You couldn't memorise any spells.
You knew the following spells:

 Your Spells              Type           Power        Failure   Level  Hunger
a - Freeze                Ice            ####         1%          1    None
b - Frozen Ramparts       Ice            ######       1%          3    None
c - Ozocubu's Armour      Chrm/Ice       ######..     2%          3    None
d - Summon Ice Beast      Ice/Summ       ######..     3%          4    ##.....
e - Hailstorm             Conj/Ice       ######..     4%          4    ##.....
f - Statue Form           Tmut/Erth      #######..    9%          6    ######.
g - Iron Shot             Conj/Erth      ######....   43%         6    ######.
h - Spellforged Servitor  Conj/Summ      #####.....   100%        7    #######

Your spell library contained the following spells:

 Spells                   Type           Power        Failure   Level  Hunger
 Beastly Appendage        Tmut           ######       1%          1    None
 Sticks to Snakes         Tmut           #######.     1%          2    None
 Spider Form              Tmut/Pois      ######....   1%          3    None
 Ice Form                 Ice/Tmut       #######.     1%          4    ##.....
 Petrify                  Tmut/Erth      #######.     1%          4    ##.....
 Blade Hands              Tmut           #######...   1%          5    ####...
 Ignite Poison            Fire/Tmut/Pois #####...     3%          3    None
 Animate Skeleton         Necr           N/A          5%          1    None
 Pain                     Necr           ###.         5%          1    None
 Leda's Liquefaction      Hex/Erth       ######....   5%          4    ##.....
 Static Discharge         Conj/Air       ####....     10%         3    None
 Confusing Touch          Hex            ###.....     16%         3    None
 Gell's Gravitas          Tloc           ###.......   16%         3    None
 Vampiric Draining        Necr           ###.......   16%         3    None
 Yara's Violent Unravell  Hex/Tmut       ######....   16%         5    ####...
 Bolt of Magma            Conj/Fire/Erth ######....   22%         5    ####...
 Metabolic Englaciation   Hex/Ice        ######....   24%         5    ####...
 Animate Dead             Necr           N/A          47%         4    ##.....
 Fireball                 Conj/Fire      ####......   65%         5    ####...
 Iskenderun's Battlesphe  Conj/Chrm      ####....     65%         5    ####...
 Lightning Bolt           Conj/Air       ####......   65%         5    ####...
 Agony                    Necr           ###.....     83%         5    ####...
 Starburst                Conj/Fire      ####......   99%         6    ######.
 Orb of Destruction       Conj           #####.....   100%        7    #######
 Ring of Flames           Chrm/Fire      ###.......   100%        7    #######
 Ignition                 Fire           ###.......   100%        8    #######
 Shatter                  Erth           #######...   100%        9    #######
 Tornado                  Air            ###.......   100%        9    #######


Dungeon Overview and Level Annotations

Branches:
Dungeon (15/15)            Temple (0/1) D:6            Lair (6/6) D:10
  Swamp (1/4) Lair:3       Spider (4/4) Lair:2        Slime (0/5) Lair:6
    Orc (2/2) D:10            Elf (0/3) Orc:2        Vaults (0/5) D:14
 Depths (0/5) D:15          IceCv (visited)         Gauntlet (visited)

Altars:
Ashenzari
Cheibriados
Dithmenos
Elyvilon
Fedhas
Gozag
Hepliaklqana
Kikubaaqudgha
Makhleb
Nemelex Xobeh
Okawaru
Sif Muna
Uskayaw
Vehumet
Xom
Yredelemnul
The Shining One
Beogh
Jiyva

Shops:
D:5 *   D:6 [   D:7 [   D:8 =   Orc:2 =*[(

Annotations:
D:2 exclusion: adder
D:3 Grinder
Swamp:1 Nikola


Innate Abilities, Weirdness & Mutations

You have very sharp fingernails.
You have hooves in place of feet.
You have a pair of small horns on your head.
You sometimes gain power by taking damage.
When hurt, damage is shared between your health and your magic reserves.


Message History

You now have 6402 gold pieces (gained 16).
You enter the shallow water.
Moving in this stuff is going to be slow.
You enter the shallow water.
Moving in this stuff is going to be slow.
Unknown command.
Eat one of 14 chunks of flesh? (ye/n/q)
You eat one of the 14 chunks of flesh.
This raw flesh tastes terrible.
You are feeling hungry.
Eat one of 13 chunks of flesh? (ye/n/q)
You eat one of the 13 chunks of flesh.
This raw flesh tastes terrible.
Unknown command.
You enter the shallow water.
Moving in this stuff is going to be slow.
Your transformation is almost over.
You enter the shallow water.
Moving in this stuff is going to be slow.
You revert to your normal fleshy form.
Your +0 pair of gloves unmelds from your body.
Your +1 robe of the Archmagi unmelds from your body.
You feel powerful.
You feel a little less mighty now.
There is a stone staircase leading down here.
You enter the shallow water.
Moving in this stuff is going to be slow.
Nikola the Mad Inventor comes into view.
He is wielding a +4 rapier of electrocution.
Nikola shouts!
Casting: Statue Form (slightly dangerous; 9% risk of failure)
Confirm with . or Enter, or press ? or * to list all spells.
You feel a surge of power!
You miscast Statue Form.
You are very lightly contaminated with residual magic.
Your body is twisted painfully.
Nikola casts a spell.
You hear a mighty clap of thunder!
The lightning arc hits you!!
* * * LOW HITPOINT WARNING * * *
You focus on the pain.
You feel your power returning.
The lightning arc hits Nikola!
The lightning arc hits you!!!
* * * LOW HITPOINT WARNING * * *
The lightning arc hits Nikola.
The lightning arc hits you!!!
* * * LOW HITPOINT WARNING * * *
Okay, then.
Unknown command.
Okay, then.
As you read the scroll of fog, it crumbles to dust.
The scroll dissolves into smoke.
Nikola gestures wildly while chanting.
You hear a mighty clap of thunder!
The lightning arc hits you!!
You die...

♣.♣ ♣♣♣♣.♣ ♣..≈
...♣ .♣≈§♣♣
♣≈≈≈...@.♣ ≈.≈≈♣
♣≈....♣..♣♣ ≈.≈≈♣
♣♣.≈≈......♣ ....♣
♣≈≈≈≈.≈♣≈♣.♣♣
.♣.♣♣
♣.≈.≈≈≈♣≈§§≈♣ .♣.♣
♣♣.≈.≈≈♣§§§.≈♣
≈..♣♣ ♣≈≈≈....§@♣
.♣≈.♣ ♣≈≈♣..♣.§§♣
...♣♣ ♣.♣§≈.♣≈≈.♣
≈≈.♣ ♣..÷÷≈≈...♣
≈≈.♣ ♣♣.≈≈≈.≈.≈.♣
.≈.♣♣ ♣.≈≈≈≈≈≈.≈≈♣
....♣ ♣.≈≈≈≈.♣♣>.♣
♣♣..♣♣♣.÷≈≈..♣♣..♣
♣♣≈.♣♣......♣♣.≈.♣


You could see Nikola.

Vanquished Creatures
  Rupert (Lair:6)
  Gastronok (Lair:3)
  3 ghost moths (Spider:4)
  9 emperor scorpions
  An orc warlord (Orc:2)
  Nessos (Lair:5)
  2 entropy weavers (Spider:2)
  A dire elephant (Lair:6)
  4 vault guards (D:14)
  An ogre mage (D:15)
  Erolcha (D:11)
  An anaconda (Lair:6)
  4 centaur warriors
  5 hydras
  3 ice dragons
  A catoblepas (Lair:5)
  6 two-headed ogres
  5 alligators (Swamp:1)
  A death knight (D:15)
  A queen ant (D:9)
  2 tengu warriors (D:15)
  2 orc high priests (Orc:2)
  A deep elf knight (D:15)
  6 skeletal warriors
  6 unseen horrors
  A deep troll (D:15)
  An obsidian statue (D:12)
  A wolf spider zombie (D:14)
  3 orc knights
  18 orb spiders
  A deep elf mage (D:15)
  16 wolf spiders
  2 manticores
  4 orc sorcerers (Orc:2)
  A moth of wrath (Spider:4)
  4 cyclopes
  14 elephants
  2 ice statues (IceCv)
  4 black mambas
  3 centaur zombies
  8 spiny frogs
  An eye of devastation (shapeshifter) (D:15)
  2 gargoyles
  2 torpor snails (Spider:1)
  2 kobold demonologists (D:11)
  6 komodo dragons
  4 rime drakes
  8 demonic crawlers
  3 efreet
  A freezing wraith (D:15)
  A tengu conjurer (D:14)
  A queen bee (Lair:1)
  36 jumping spiders
  3 trolls
  4 hornets
  2 polar bears (D:12)
  9 meliai
  5 tyrant leeches
  7 slime creatures
  2 bog bodies (Swamp:1)
  A meliai zombie (D:13)
  8 hippogriffs
  7 dream sheep
  3 blink frogs (Lair:2)
  72 redbacks
  4 centaur simulacra (D:12)
  3 shadows
  24 tarantellas
  A water elemental (D:12)
  4 wraiths
  2 wyverns
  A spriggan (Swamp:1)
  A human (D:8)
  A vampire (D:14)
  75 yaks
  4 basilisks
  4 hogs (D:8)
  4 wargs
  A steam dragon (Lair:3)
  A redback simulacrum (D:14)
  7 vampire mosquitoes
  3 hungry ghosts
  4 swamp worms (Lair:3)
  6 soldier ants (D:9)
  An acid dragon (shapeshifter) (D:14)
  8 water moccasins
  4 porcupines
  35 orc warriors
  2 hell hounds (Lair:1)
  A swamp drake (Swamp:1)
  A black bear (D:8)
  6 sky beasts
  23 ice beasts
  A necrophage (D:9)
  10 ogres
  10 wolves
  2 eyes of draining
  16 centaurs
  13 crocodiles
  4 big kobolds
  9 bullfrogs
  2 gnoll sergeants
  Dowan (D:6)
  A wyvern zombie (D:12)
  A wyvern skeleton (D:12)
  6 scorpions
  37 killer bees
  6 wights
  9 howler monkeys
  6 electric eels
  11 crimson imps
  A quasit (D:10)
  12 jellies
  2 bullfrog skeletons
  4 centaur skeletons
  16 orc priests
  2 hounds
  27 orc wizards
  3 iguanas
  16 worker ants
  A killer bee zombie (D:9)
  A bullfrog simulacrum (D:12)
  A hound zombie (D:9)
  A howler monkey zombie (D:7)
  A worker ant zombie (D:6)
  8 gnolls
  15 adders
  A river rat (D:12)
  3 shadow imps
  A white imp (D:12)
  An ufetubus (D:12)
  An adder zombie (D:8)
  A dart slug (D:2)
  4 leopard geckos
  80 orcs
  7 bats
  3 giant cockroaches (D:4)
  2 goblins
  5 hobgoblins
  9 jackals
  A quokka (D:9)
  A ball python skeleton (D:4)
  3 frilled lizards
  25 kobolds
  2 leopard gecko skeletons
  2 quokka skeletons
  5 rats
  A fungus (Lair:3)
  3 plants (Lair:6)
990 creatures vanquished.

Vanquished Creatures (collateral kills)
  6 hydras
  2 two-headed ogres (D:12)
  2 orb spiders
  An orc sorcerer (Orc:2)
  3 elephants
  2 black mambas (Lair:2)
  A spiny frog (Lair:2)
  3 trolls
  A tyrant leech (Lair:3)
  A polar bear (D:12)
  3 slime creatures
  3 blink frogs (Lair:6)
  3 dream sheep (Lair:5)
  A hippogriff (Lair:6)
  A wraith (D:9)
  2 yaks (Lair:5)
  Duvessa (D:6)
  2 porcupines
  2 water moccasins (Lair:6)
  2 orc warriors
  3 ogres
  A crocodile (Lair:4)
  2 bullfrogs
  A wight (D:6)
  An orc priest (D:10)
  A hound skeleton (D:9)
  2 orcs (D:12)
  A jackal skeleton (D:6)
54 creatures vanquished.

Vanquished Creatures (others)
  A tarantella (Spider:2)
  A centaur (D:15)
  A howler monkey (D:8)
  A hound (D:8)
  An orc (Orc:1)
  A jackal (D:8)
  24 fungi
  14 plants
44 creatures vanquished.

Grand Total: 1088 creatures vanquished

Notes
Turn   | Place    | Note
-------+----------+-------------------------------------------
     0 | D:1      | Flugkiller the Demonspawn Ice Elementalist began the quest
                  | for the Orb.
     0 | D:1      | Reached XP level 1. HP: 13/13 MP: 3/3
   119 | D:1      | Reached skill level 1 in Fighting
   566 | D:1      | You fall into a shaft and drop 1 floor!
   696 | D:1      | Gained mutation: You sometimes gain a little power by
                  | taking damage. [demonic ancestry]
   696 | D:1      | Reached XP level 2. HP: 21/21 MP: 3/5
   828 | D:2      | Found an ancient bone altar of Kikubaaqudgha.
  1786 | D:3      | Found a hide-covered altar of Uskayaw.
  1786 | D:3      | Found a sparkling altar of Nemelex Xobeh.
  1786 | D:3      | Found a radiant altar of Vehumet.
  1787 | D:3      | Found an iron altar of Okawaru.
  1798 | D:3      | Became a worshipper of Uskayaw the Reveler
  1818 | D:3      | Reached XP level 3. HP: 24/26 MP: 2/6
  1818 | D:3      | Reached * piety under Uskayaw
  1872 | D:3      | Learned a level 3 spell: Frozen Ramparts
  1902 | D:3      | Reached ** piety under Uskayaw
  1938 | D:3      | Found an iron altar of Okawaru.
  1971 | D:3      | Reached *** piety under Uskayaw
  1976 | D:3      | Reached **** piety under Uskayaw
  2116 | D:3      | Noticed Grinder
  2249 | D:3      | Paralysed by Grinder for 3 turns
  2344 | D:3      | Found a snail-covered altar of Cheibriados.
  2430 | D:4      | Noticed a scorpion
  2442 | D:4      | Killed a scorpion
  2442 | D:4      | Reached skill level 5 in Ice Magic
  2442 | D:4      | Gained mutation: You sometimes gain power by taking damage.
                  | [demonic ancestry]
  2442 | D:4      | Reached XP level 4. HP: 32/32 MP: 2/7
  2563 | D:4      | Noticed a phantom
  2580 | D:5      | Entered Level 5 of the Dungeon
  2824 | D:4      | Gained mutation: You have sharp fingernails. [demonic
                  | ancestry]
  2824 | D:4      | Reached XP level 5. HP: 24/37 MP: 8/8
  2901 | D:4      | Learned a level 4 spell: Summon Ice Beast
  3009 | D:4      | Reached skill level 1 in Summonings
  3246 | D:4      | Noticed an ogre
  3279 | D:4      | Killed an ogre
  3279 | D:4      | Gained mutation: You have a pair of small horns on your
                  | head. [demonic ancestry]
  3279 | D:4      | Reached XP level 6. HP: 43/43 MP: 5/10
  3376 | D:4      | Found an opulent altar of Gozag.
  4011 | D:5      | Found a glowing golden altar of the Shining One.
  4041 | D:5      | Found Logyitt's Assorted Antiques.
  4044 | D:5      | Bought a scroll labeled ROSSEKHOTU for 30 gold pieces
  4089 | D:5      | Gained mutation: You have large cloven feet. [demonic
                  | ancestry]
  4089 | D:5      | Reached XP level 7. HP: 48/48 MP: 9/11
  4171 | D:5      | Noticed a hornet
  4181 | D:5      | Paralysed by a hornet for 2 turns
  4187 | D:5      | Killed a hornet
  4414 | D:5      | Found a burning altar of Makhleb.
  4426 | D:5      | Found the +2 Maxwell's thermic engine {flame, freeze}
  4901 | D:5      | Found a basalt altar of Yredelemnul.
  4972 | D:5      | Found a white marble altar of Elyvilon.
  5152 | D:6      | Gained mutation: You have hoof-like feet. [demonic
                  | ancestry]
  5152 | D:6      | Reached XP level 8. HP: 58/58 MP: 4/12
  5503 | D:6      | Reached skill level 1 in Invocations
  5510 | D:6      | Found a hazy altar of Hepliaklqana.
  5543 | D:6      | Reached skill level 2 in Invocations
  5546 | D:6      | Reached skill level 3 in Invocations
  5865 | D:6      | Noticed Dowan
  5867 | D:6      | Noticed Duvessa
  5885 | D:6      | Killed Duvessa
  5885 | D:6      | Reached skill level 4 in Invocations
  5914 | D:6      | Killed Dowan
  5917 | D:6      | Found Emidd's Antique Armour Emporium.
  5943 | D:6      | Reached skill level 5 in Invocations
  5980 | D:6      | Reached skill level 5 in Fighting
  6214 | D:6      | Found a staircase to the Ecumenical Temple.
  6523 | D:7      | Found Goink's Armour Shoppe.
  6593 | D:7      | Reached XP level 9. HP: 69/69 MP: 10/13
  7776 | D:8      | Found a shimmering altar of Xom.
  7803 | D:8      | Reached skill level 5 in Dodging
  7882 | D:8      | Found a shadowy altar of Dithmenos.
  7937 | D:8      | Found a viscous altar of Jiyva.
  8073 | D:8      | Noticed a manticore
  8095 | D:8      | Killed a manticore
  8302 | D:8      | Found a shattered altar of Ashenzari.
  8368 | D:8      | Reached XP level 10. HP: 80/80 MP: 9/14
  8419 | D:8      | You fall into a shaft and drop 2 floors!
  8419 | D:10     | Entered Level 10 of the Dungeon
  8534 | D:9      | Noticed a queen ant
  8540 | D:9      | Reached ***** piety under Uskayaw
  8577 | D:9      | Killed a queen ant
  8577 | D:9      | Reached skill level 7 in Invocations
  8732 | D:9      | Reached skill level 8 in Invocations
  8737 | D:9      | Reached skill level 1 in Long Blades
  9358 | D:9      | Reached skill level 1 in Shields
  9531 | D:9      | Gained mutation: When hurt, damage is shared between your
                  | health and your magic reserves. [demonic ancestry]
  9531 | D:9      | Reached XP level 11. HP: 79/86 MP: 17/17
  9918 | D:8      | Found Lyzor's Jewellery Shoppe.
  9987 | D:8      | Found a shimmering blue altar of Sif Muna.
 10234 | D:9      | Learned a level 3 spell: Ozocubu's Armour
 10239 | D:9      | Learned a level 4 spell: Hailstorm
 10406 | D:10     | Found a staircase to the Lair.
 10692 | D:10     | Noticed an unseen horror
 10721 | D:10     | Killed an unseen horror
 10754 | D:10     | Found a staircase to the Orcish Mines.
 10888 | D:10     | Reached skill level 9 in Invocations
 10894 | D:10     | Noticed a two-headed ogre
 10923 | D:10     | Killed a two-headed ogre
 11714 | Lair:1   | Entered Level 1 of the Lair of Beasts
 11720 | Lair:1   | Identified a scroll of acquirement
 11972 | Lair:1   | Found a gate leading to a gauntlet.
 11979 | Gauntlet | Entered a Gauntlet
 11979 | Gauntlet | Found a transporter.
 11987 | Gauntlet | Found a runed translucent gate.
 11988 | Gauntlet | Found a transporter.
 11988 | Gauntlet | Found a runed translucent gate.
 11991 | Gauntlet | Noticed a lindwurm
 11993 | Gauntlet | Found a runed translucent gate.
 11993 | Gauntlet | a lindwurm changed into a komodo dragon
 12001 | Gauntlet | Noticed a harpy
 12001 | Gauntlet | a wind drake changed into a harpy
 12002 | Gauntlet | Found a transporter.
 12004 | Gauntlet | a harpy changed into a black bear
 12006 | Gauntlet | Found a transporter.
 12024 | Gauntlet | Found a transporter.
 12026 | Gauntlet | Noticed a reaper
 12037 | Gauntlet | Found a transporter.
 12038 | Gauntlet | Found a runed translucent door.
 12040 | Gauntlet | Noticed a catoblepas
 12050 | Gauntlet | Found a transporter.
 12050 | Gauntlet | Noticed an obsidian statue
 12067 | Gauntlet | Found a transporter.
 12071 | Gauntlet | Found a transporter.
 12075 | Gauntlet | Noticed a wizard
 12076 | Gauntlet | Noticed a wizard
 12079 | Gauntlet | Found a transporter.
 12105 | Gauntlet | Noticed a fire crab
 12107 | Gauntlet | Found a transporter.
 12107 | Gauntlet | Found a transporter.
 12108 | Gauntlet | Found a runed translucent door.
 12146 | Gauntlet | Noticed a shining eye
 12152 | Gauntlet | Noticed a wolf spider
 12152 | Gauntlet | a shining eye changed into a wolf spider
 12153 | Gauntlet | Noticed a fire dragon
 12153 | Gauntlet | a wolf spider changed into a fire dragon
 12179 | Gauntlet | Noticed a sea snake
 12183 | Gauntlet | Noticed a two-headed ogre
 12183 | Gauntlet | a sea snake changed into a two-headed ogre
 12227 | Gauntlet | can you see me typing this
 12383 | Lair:1   | Reached skill level 10 in Invocations
 12765 | Lair:1   | Reached ****** piety under Uskayaw
 12818 | Lair:1   | Noticed an eight-headed hydra
 12833 | Lair:1   | Killed a seven-headed hydra
 13132 | Lair:2   | Gained mutation: You have hooves in place of feet. [demonic
                  | ancestry]
 13132 | Lair:2   | Reached XP level 12. HP: 94/97 MP: 15/20
 13161 | Lair:2   | Found a hole to the Spider Nest.
 13251 | Lair:2   | Reached skill level 10 in Fighting
 13251 | Lair:2   | Reached skill level 1 in Conjurations
 13251 | Lair:2   | Reached skill level 11 in Invocations
 13597 | Lair:2   | Reached skill level 5 in Long Blades
 13675 | Lair:2   | Noticed an eight-headed hydra
 13683 | Lair:2   | Killed a six-headed hydra
 15043 | Lair:3   | Found a staircase to the Swamp.
 15259 | Lair:3   | Noticed Gastronok
 15337 | Lair:3   | Killed Gastronok
 16199 | Lair:4   | Noticed a four-headed hydra
 16206 | Lair:4   | Killed a four-headed hydra
 16206 | Lair:4   | Reached skill level 1 in Evocations
 16268 | Lair:4   | Reached XP level 13. HP: 88/106 MP: 18/21
 17307 | Lair:5   | Noticed Nessos
 17321 | Lair:5   | Killed Nessos
 17332 | Lair:5   | Reached skill level 12 in Invocations
 18216 | Lair:6   | Entered Level 6 of the Lair of Beasts
 18441 | Lair:6   | Reached skill level 5 in Evocations
 18487 | Lair:6   | Found a staircase to the Slime Pits.
 18495 | Lair:6   | Reached skill level 10 in Long Blades
 18684 | Lair:6   | Noticed Rupert
 18720 | Lair:6   | Killed Rupert
 18720 | Lair:6   | Reached skill level 13 in Invocations
 19326 | Lair:6   | Gained mutation: You have very sharp fingernails. [demonic
                  | ancestry]
 19326 | Lair:6   | Reached XP level 14. HP: 99/115 MP: 15/24
 19437 | Lair:6   | Reached skill level 14 in Invocations
 20078 | Orc:1    | Entered Level 1 of the Orcish Mines
 20231 | Orc:2    | Entered Level 2 of the Orcish Mines
 20467 | Orc:2    | Paralysed by an orc sorcerer for 2 turns
 20501 | Orc:2    | Found Zuuw's Antique Armour Shop.
 20592 | Orc:2    | Found a roughly hewn altar of Beogh.
 21971 | Orc:2    | Found Ciorurre's Antique Weapon Shoppe.
 22020 | Orc:2    | Noticed an orc warlord
 22042 | Orc:2    | Killed an orc warlord
 22419 | Orc:2    | Found Jajup's Jewellery Emporium.
 22689 | Orc:2    | Found Notevoow's General Store.
 22722 | Orc:2    | Found a staircase to the Elven Halls.
 22836 | Orc:2    | Bought a book of the Earth for 845 gold pieces
 24244 | Orc:1    | Learned a level 6 spell: Statue Form
 24572 | D:11     | Noticed Erolcha
 24588 | D:11     | Killed Erolcha
 24588 | D:11     | Reached skill level 5 in Spellcasting
 24588 | D:11     | Reached skill level 1 in Transmutations
 24588 | D:11     | Reached skill level 1 in Earth Magic
 24702 | D:11     | You fall into a shaft and drop 3 floors!
 25632 | D:14     | Found a gate to the Vaults.
 25993 | D:14     | Paralysed by a hornet for 2 turns
 26406 | D:14     | Reached XP level 15. HP: 122/122 MP: 25/25
 26555 | D:14     | Found a white marble altar of Elyvilon.
 27218 | D:12     | Reached skill level 5 in Earth Magic
 27247 | D:12     | Reached skill level 5 in Transmutations
 27251 | D:12     | Found a frozen archway.
 27283 | IceCv    | Entered an ice cave
 29754 | D:13     | Got a distressingly furry scale mail
 29756 | D:13     | Identified the +2 scale mail "Gukis" {rN+ Dex+2 SInv} (You
                  | found it on level 13 of the Dungeon)
 30083 | D:13     | Found a blossoming altar of Fedhas.
 30129 | D:15     | Entered Level 15 of the Dungeon
 30414 | D:15     | Found Paczoun's Assorted Antiques.
 30933 | D:15     | Found a staircase to the Depths.
 31579 | Spider:1 | Entered Level 1 of the Spider Nest
 31623 | Spider:1 | You fall into a shaft and drop 1 floor!
 31749 | Spider:2 | Reached XP level 16. HP: 113/129 MP: 14/26
 33319 | Spider:3 | Identified Odwargh's Papyrus of Helpful Creation (You
                  | acquired it on level 3 of the Spider Nest)
 33550 | Spider:3 | Reached skill level 10 in Earth Magic
 33617 | Spider:3 | Reached skill level 10 in Transmutations
 34219 | Spider:4 | Entered Level 4 of the Spider Nest
 35685 | Spider:4 | Reached XP level 17. HP: 135/135 MP: 22/30
 36540 | Spider:4 | Learned a level 6 spell: Iron Shot
 36548 | Spider:4 | Learned a level 7 spell: Spellforged Servitor
 36695 | Spider:4 | Got a gossamer rune of Zot
 36939 | Swamp:1  | Entered Level 1 of the Swamp
 37254 | D:8      | Bought an uncursed ring of protection from magic for 325
                  | gold pieces
 37254 | D:8      | Bought the ring "Tonkum" {Str+4 Dex+3 SInv} for 477 gold
                  | pieces
 37794 | Swamp:1  | Reached skill level 15 in Invocations
 37852 | Swamp:1  | Noticed Nikola
 37854 | Swamp:1  | Killed from afar by Nikola

Levels and vault maps discovered:
D:1:      wander_arrival_chamber, layout_rooms
D:2:      layout_basic, old_standard_altar
D:3:      layout_loops_ring, chequers_temple_overflow_statue_of_worship,
          lemuel_round_altar, fountainhead, okawaru_trees_1, uniq_grinder
D:4:      minmay_angry_zag, layout_basic, grunt_gozag_breadcrumbs, first_ration
D:5:      layout_basic, kennysheep_ying_yang, lightli_temple_of_fire,
          lemuel_crystal_altar, serial_shops,
          nicolae_shop_competitors_out_of_business
D:6:      layout_rooms, kennysheep_mini_moat, minmay_temple_entry_trees,
          serial_shops, shop_statue, kb_rosetta, uniq_duvessa
D:7:      minmay_flawed_box, layout_basic, serial_shops, nicolae_shop_waterfront
D:8:      layout_loops_cross, nicolae_dithmenos_shadow_blocks, led_sif_pool,
          nicolae_overflow_crystal_walls, xom_confusion_cloud, serial_shops,
          nicolae_shop_waterfront, grunt_livestock, jiyva_altar_1
D:9:      layout_loops_corners, minmay_misc_feat_iff, minmay_another_anthill
D:10:     layout_stronghold, erik_lair_orcish_takeover, erik_orc_2
D:11:     layout_rooms, grunt_qazlal_clouds, uniq_erolcha
D:12:     minmay_statue_hallways, layout_basic, serial_ice, serial_ice_a,
          serial_ice_d, serial_ice_c, serial_ice_f, serial_ice_o, serial_ice_m,
          serial_ice_g, serial_ice_j, portal_ice_cave_entry_animals_and_master
D:13:     layout_basic, fedhas_altar_4
D:14:     layout_roguey, lightli_vaults_fourway_checkpoint, elyvilon_altar_3
D:15:     hangedman_depths_entry_civil_slaughter, layout_loops_ring,
          small_statue_intersection, serial_shops, nicolae_shop_crystal
Lair:1:   layout_roguey, enter_volcano_3, special_room [special_room_bee],
          gauntlet_entry_generic
Lair:2:   layout_cave_pods, dummy_spider_entry, grunt_megastairs_3
Lair:3:   layout_roguey, minmay_swamp_entry_worms, special_room, worms_lemuel,
          uniq_gastronok
Lair:4:   layout_long_grid, serial_bayou_shore_a, grunt_megastairs_4
Lair:5:   layout_hall_layers, serial_bayou_shore_b, infiniplex_staircase_pool_2,
          lemuel_fruit_tree, uniq_nessos
Lair:6:   due_jungle_book, layout_loops_ring, minmay_slime_entry_pillars,
          minivault_27, nicolae_quartered_pool_little, uniq_rupert
Swamp:1:  layout_falls_marsh, nicolae_swamp_little_tower, uniq_roxanne,
          uniq_nikola
Spider:1: layout_spider_delve
Spider:2: layout_spider_delve, drop_trap, einodemon_crawler_minivault
Spider:3: layout_chambers
Spider:4: grunt_spider_rune_circles
Orc:1:    layout_caves
Orc:2:    grunt_orc_gardens, layout_diamond_mine, grunt_orc_garden,
          grunt_orc_garden, grunt_orc_garden, grunt_orc_garden, basic_altar

Skill      XL: |  1  2  3  4  5  6  7  8  9 10 11 12 13 14 15 16 17 |
---------------+----------------------------------------------------+-----
Fighting       | 1 3 6 8 9 11 12 | 12.7
Ice Magic      | 4 5 6 7 8 9 |  9.0
Summonings     | 1 3 4 |  4.0
Spellcasting   | 3 6 7 9 |  9.0
Dodging        | 3 6 8 |  8.0
Invocations    | 5 8 10 11 13 14 15 | 15.2
Long Blades    | 4 8 10 | 10.7
Shields        | 3 4 |  4.1
Conjurations   | 2 |  2.7
Evocations     | 1 5 |  5.0
Transmutations | 4 8 10 11 | 11.2
Earth Magic    | 4 8 10 11 | 11.2
Stealth        | |  1.7

Action                   |  1- 3 |  4- 6 |  7- 9 | 10-12 | 13-15 | 16-18 || total
-------------------------+-------+-------+-------+-------+-------+-------++-------
Melee: Short sword       |    13 |    22 |     1 |       |       |       ||    36
       Headbutt          |       |     1 |    30 |    42 |   176 |    82 ||   331
       Double sword      |       |       |   137 |   311 |   942 |   523 ||  1913
       Whip              |       |       |     4 |       |       |       ||     4
       Kick              |       |       |    14 |    33 |   252 |   130 ||   429
Throw: Stone             |    52 |     2 |       |     1 |       |       ||    55
 Cast: Freeze            |    49 |    42 |    76 |    31 |       |     1 ||   199
       Frozen Ramparts   |     2 |    10 |    18 |    51 |    82 |     5 ||   168
       Summon Ice Beast  |       |       |     6 |    31 |    66 |     3 ||   106
       Ozocubu's Armour  |       |       |       |    17 |    35 |       ||    52
       Hailstorm         |       |       |       |       |    23 |    40 ||    63
       Statue Form       |       |       |       |       |     2 |    48 ||    50
Invok: Line Pass         |       |       |     3 |       |     9 |       ||    12
       Stomp             |       |       |     1 |       |     1 |     2 ||     4
       Grand Finale      |       |       |       |     1 |     8 |     1 ||    10
Evoke: Wand              |       |       |       |     2 |    19 |     4 ||    25
  Use: Scroll            |     7 |     1 |     8 |    12 |     9 |     5 ||    42
       Potion            |     1 |       |     2 |       |     1 |     1 ||     5
 Stab: Paralysed         |     2 |       |     4 |    30 |    73 |    44 ||   153
       Sleeping          |       |       |       |     3 |     1 |       ||     4
       Petrified         |       |       |       |       |     4 |       ||     4
       Distracted        |       |       |       |       |     1 |     1 ||     2
       Confused          |       |       |       |       |     3 |       ||     3
  Eat: Chunk             |     5 |     3 |    13 |    25 |    45 |    21 ||   112
       Ration            |       |     1 |     2 |     4 |    10 |     7 ||    24
Armor: Robe              |    13 |    12 |    52 |    94 |   158 |     8 ||   337
       Skin              |       |       |     8 |       |    40 |   694 ||   742
Dodge: Dodged            |    36 |    35 |   161 |   337 |   583 |   765 ||  1917
Block: Buckler           |       |       |       |    29 |   318 |   572 ||   919
       Reflection        |       |       |       |       |    22 |     1 ||    23
       Rpst.: Double sword |       |       |    31 |    99 |   136 |   124 ||   390

Table legend:
 A = Non-vault XP
 B = Vault XP
 C = Vault XP percentage of total XP
 D = Non-vault monster count
 E = Vault monster count
 F = Vault count percentage of total count
                 A         B        C        D         E       F
            +---------+---------+-------+---------+---------+-------
      Total |  163382 |   75254 |  31.5 |     783 |     259 |  24.9
            +---------+---------+-------+---------+---------+-------
        D:1 |      16 |       0 |   0.0 |      11 |       0 |   0.0
        D:2 |      23 |       0 |   0.0 |      14 |       0 |   0.0
        D:3 |      44 |       0 |   0.0 |       9 |       0 |   0.0
        D:4 |     407 |     161 |  28.3 |      22 |       5 |  18.5
        D:5 |     749 |       0 |   0.0 |      17 |       0 |   0.0
        D:6 |     996 |     368 |  27.0 |      33 |       6 |  15.4
        D:7 |     454 |     382 |  45.7 |       9 |      10 |  52.6
        D:8 |    1504 |    1916 |  56.0 |      32 |      15 |  31.9
        D:9 |    3050 |    2152 |  41.4 |      38 |      18 |  32.1
       D:10 |    2637 |    1172 |  30.8 |      22 |      27 |  55.1
       D:11 |    1415 |     980 |  40.9 |      17 |       1 |   5.6
       D:12 |    6881 |    4973 |  42.0 |      47 |      23 |  32.9
       D:13 |    8314 |       0 |   0.0 |      37 |       0 |   0.0
       D:14 |   15235 |    6366 |  29.5 |      57 |      11 |  16.2
       D:15 |   12858 |    4712 |  26.8 |      31 |       6 |  16.2
     Lair:1 |    3725 |    2157 |  36.7 |      18 |      28 |  60.9
     Lair:2 |    5128 |    1322 |  20.5 |      20 |       4 |  16.7
     Lair:3 |    4798 |    3556 |  42.6 |      19 |       8 |  29.6
     Lair:4 |    6887 |     107 |   1.5 |      24 |       1 |   4.0
     Lair:5 |   10395 |    1288 |  11.0 |      42 |       1 |   2.3
     Lair:6 |    5961 |    5833 |  49.5 |      22 |       9 |  29.0
    Swamp:1 |   10388 |       0 |   0.0 |      22 |       0 |   0.0
   Spider:1 |   17363 |       0 |   0.0 |      53 |       0 |   0.0
   Spider:2 |   18831 |    1929 |   9.3 |      51 |       8 |  13.6
   Spider:3 |    7778 |       0 |   0.0 |      25 |       0 |   0.0
   Spider:4 |   11741 |   21704 |  64.9 |      34 |      31 |  47.7
      Orc:1 |    2375 |       0 |   0.0 |      28 |       0 |   0.0
      Orc:2 |    3429 |    8714 |  71.8 |      29 |      27 |  48.2
      IceCv |       0 |    5462 | 100.0 |       0 |      20 | 100.0
            +---------+---------+-------+---------+---------+-------
